 Dungeon Crawl Stone Soup version 0.20.0-8-g6b59dc7 (webtiles) character file.

11 Minion the Chucker (level 2, 10/23 HPs)
             Began as a Ghoul Arcane Marksman on May 30, 2017.
             Quit the game on level 1 of the Dungeon.
             The game lasted 00:01:49 (273 turns).

Minion the Chucker (Ghoul Arcane Marksman)           Turns: 273, Time: 00:01:50

Health: 10/23      AC:  2    Str: 13    XL:     2   Next: 25%
Magic:  2/2        EV: 12    Int: 13    God:
Gold:   38         SH:  0    Dex:  9    Spells: 2/3 levels left

rFire    . . .     SeeInvis .   (no weapon)
rCold    + . .     Gourm    .   (no shield)
rNeg     + + +     Faith    .   a - +0 robe
rPois    ∞         Spirit   .   (no helmet)
rElec    .         Reflect  .   (no cloak)
rCorr    .         Harm     .   (no gloves)
MR       .....                  (no boots)
Stlth    +.........             (no amulet)
Regen    0.0/turn               j - +5 ring of intelligence
MPRegen  0.1/turn               (no ring)

@: rotting
A: rotting body, claws 1, carnivore 3, cold resistance 1, negative energy
resistance 3, inhibited regeneration, torment resistance, unbreathing
a: no special abilities


You were on level 1 of the Dungeon.
You were not hungry.

You visited 1 branch of the dungeon, and saw 1 of its levels.

You collected 38 gold pieces.

Inventory:

Armour
 a - a +0 robe (worn)
Jewellery
 j - a +5 ring of intelligence (left claw)
Scrolls
 g - a scroll of teleportation
 h - a scroll of enchant weapon {unknown}
Potions
 e - a potion of curing {unknown}
 k - a potion of degeneration {unknown}
Books
 b - a book of Debilitation

   Spells                             Type                      Level
   a - Corona                         Hexes                        1
   b - Slow                           Hexes                        2
   c - Inner Flame                    Hexes/Fire                   3
   d - Portal Projectile              Hexes/Translocation          3
   e - Cause Fear                     Hexes                        4
   f - Leda's Liquefaction            Hexes/Earth                  4
Comestibles
 c - a royal jelly
 f - a meat ration
 i - 4 chunks of flesh


   Skills:
 - Level 1.1 Fighting
 + Level 2.5 Throwing
 - Level 1.7 Dodging
 - Level 1.0 Spellcasting
 - Level 2.4 Hexes


You had 2 spell levels left.
You knew the following spells:

 Your Spells              Type           Power        Failure   Level  Hunger
a - Corona                Hex            #......      11%         1    ##.....


Dungeon Overview and Level Annotations

Branches:
Dungeon (1/15)

Altars:


Innate Abilities, Weirdness & Mutations

Your body is rotting away.
You thrive on raw meat.
You are immune to poison.
You have sharp fingernails.
You are carnivorous and can eat meat at any time.
Your flesh is cold resistant. (rC+)
You are immune to negative energy. (rN+++)
You do not regenerate when monsters are visible.
You are immune to unholy pain and torment.
You can survive without breathing.


Message History

Throwing (i - inventory):
d - a javelin (quivered)
Press: ? - help, Shift-Dir - straight line, f/p - jackal
Aim: a jackal You throw a javelin.
The javelin closely misses the jackal.
The javelin barely misses the jackal.
The jackal barks!
You hear a bark!
The jackal bites you. The jackal barely misses you.
Firing (i - inventory): No suitable missiles.
Press: ? - help, Shift-Dir - straight line, f/p - jackal
Aim: a jackal
Okay, then.
Firing (i - inventory): No suitable missiles.
Press: ? - help, Shift-Dir - straight line, f/p - jackal
Aim: a jackal
Okay, then.
Unknown command.
Unknown command.
Welcome back, Minion the Ghoul Arcane Marksman.
Press ? for a list of commands and other information.
Are you sure you want to abandon this character and quit the game? (Confirm with "yes".)

# ≈ ≈≈ ≈
#### ≈#≈
..# ≈≈ ≈.
#.# ≈
#...
#.#####
##≈..#.
#.....#
#......
#@###.#
......
#h# #.#
......###


hh# #.# ..###..... #### #.# ...#...... #.# #.......# #.# #.......# #.# #.......#
#(# #.......# ..# #.# You could see 3 jackals.

Vanquished Creatures
  A giant cockroach (D:1)
  3 bats (D:1)
  A frilled lizard (D:1)
  3 goblins (D:1)
  3 kobolds (D:1)
11 creatures vanquished.

Notes
Turn   | Place    | Note
-------+----------+-------------------------------------------
     0 | D:1      | Minion the Ghoul Arcane Marksman began the quest for the Orb.
     0 | D:1      | Reached XP level 1. HP: 16/16 MP: 1/1
   143 | D:1      | Reached XP level 2. HP: 14/23 MP: 0/2
   273 | D:1      | Quit the game

Skill      XL: |  1 |
---------------+----+-----
Throwing       | 2 |  2.5
Fighting       | |  1.1
Dodging        | |  1.7
Spellcasting   | |  1.0
Hexes          | |  2.4

Action                   || total
-------------------------++-------
Melee: Unarmed           ||    37
Throw: Javelin           ||    17
       Throwing net      ||     1
 Cast: Corona            ||     4
 Stab: Held in net/web   ||     1
  Eat: Chunk             ||     2
Armor: Robe              ||    12
Dodge: Dodged            ||    37
